| TOP OF THE 1ST |
|
Windy City ThunderBolts batting - Pitching for New Jersey Devils : RHP Mark Paddock
|
|
Pitching: RHP Mark Paddock
|
|
|
Batting: RHB Enrique Gomez
|
0-0: Swinging Strike 0-1: Fly out, F3 (Line Drive, 3L, EV 63.1 MPH)
|
|
Batting: SHB Noah Long
|
0-0: Foul Ball, location: 2F 0-1: Ball 1-1: Swinging Strike 1-2: SINGLE (Line Drive, 9LS, EV 92.5 MPH)
|
|
Batting: SHB Andres Agudo
|
0-0: Swinging Strike 0-1: Ball 1-1: Called Strike 1-2: Reached on error, E5 (Groundball, 56S, EV 75.6 MPH) Noah Long to second
|
|
Batting: RHB Bill Stern
|
0-0: Fielders Choice at 2nd, 6-4 (Groundball, 6, EV 78.8 MPH) Noah Long to third
|
|
Batting: SHB Veit Geisler
|
0-0: Called Strike 0-1: Hit by Pitch Bill Stern to second
|
|
Pinch Hitting: RHB Eddie Dimas
|
0-0: Called Strike 0-1: Ball 1-1: Foul Ball, location: 2F 1-2: Strikes out swinging
|
| Top of the 1st over - 0 runs, 1 hit, 1 error, 3 left on base; Windy City 0 - New Jersey 0 |
| BOTTOM OF THE 1ST |
|
New Jersey Devils batting - Pitching for Windy City ThunderBolts : RHP Mark Fedor
|
|
Pitching: RHP Mark Fedor
|
|
|
Now in LF: Eddie Dimas
|
|
|
Batting: RHB Eric Zylstra
|
0-0: Ball 1-0: Ball 2-0: Called Strike 2-1: Ground out 5-3 (Groundball, 56S, EV 90.0 MPH)
|
|
Batting: RHB Sam Callahan
|
0-0: Ball 1-0: Ball 2-0: Ball 3-0: Called Strike 3-1: Called Strike 3-2: Base on Balls
|
|
Batting: RHB Nate Henderson
|
0-0: Ball 1-0: Ball 2-0: Ball 3-0: Called Strike 3-1: Swinging Strike 3-2: Strikes out swinging Sam Callahan is caught stealing 2nd base 2-4 Batter strikes out.
|
| Bottom of the 1st over - 0 runs, 0 hits, 0 errors, 0 left on base; Windy City 0 - New Jersey 0 |
| TOP OF THE 2ND |
|
Windy City ThunderBolts batting - Pitching for New Jersey Devils : RHP Mark Paddock
|
|
Batting: RHB Joe Thomas
|
0-0: Called Strike 0-1: Ball 1-1: Ball 2-1: Called Strike 2-2: Ball 3-2: Reached on error, E6 (Groundball, 6, EV 89.4 MPH)
|
|
Batting: LHB Jose Pereyra
|
0-0: Ball Wild Pitch! Joe Thomas to third 1-0: Called Strike 1-1: Swinging Strike 1-2: Ball Passed Ball! Joe Thomas scores 2-2: Strikes out swinging
|
|
Batting: RHB David Cortez
|
0-0: Ball 1-0: SINGLE (Line Drive, 8LS, EV 89.4 MPH)
|
|
Batting: RHB Enrique Gomez
|
0-0: Called Strike 0-1: Swinging Strike 0-2: Ball 1-2: Ball 2-2: Fly out, F9 (Line Drive, 89D, EV 86.9 MPH)
|
|
Batting: SHB Noah Long
|
0-0: Ball 1-0: Ball 2-0: Ball 3-0: Called Strike 3-1: Foul Ball, location: 2F 3-2: Strikes out looking
|
| Top of the 2nd over - 1 run, 1 hit, 1 error, 1 left on base; Windy City 1 - New Jersey 0 |
| BOTTOM OF THE 2ND |
|
New Jersey Devils batting - Pitching for Windy City ThunderBolts : RHP Mark Fedor
|
|
Batting: RHB Bill Crogan
|
0-0: Ball 1-0: Ball 2-0: Fly out, F8 (Flyball, 89M, EV 91.2 MPH)
|
|
Batting: RHB Juan Medina
|
0-0: Ball 1-0: Swinging Strike 1-1: Foul Ball, location: 2F 1-2: Ball 2-2: Foul Ball, location: 2F 2-2: Fly out, F7 (Flyball, 7S, EV 91.9 MPH)
|
|
Batting: LHB Brad Guffin
|
0-0: Ball 1-0: Ball 2-0: Called Strike 2-1: Swinging Strike 2-2: Foul Ball, location: 2F 2-2: Ball 3-2: Strikes out swinging
|
| Bottom of the 2nd over - 0 runs, 0 hits, 0 errors, 0 left on base; Windy City 1 - New Jersey 0 |
| TOP OF THE 3RD |
|
Windy City ThunderBolts batting - Pitching for New Jersey Devils : RHP Mark Paddock
|
|
Batting: SHB Andres Agudo
|
0-0: Called Strike 0-1: Ball 1-1: Called Strike 1-2: Strikes out swinging
|
|
Batting: RHB Bill Stern
|
0-0: SINGLE (Groundball, 34S, EV 68.1 MPH) (infield hit)
|
|
Batting: SHB Veit Geisler
|
0-0: Fly out, F6 (Line Drive, 6, EV 63.1 MPH)
|
|
Batting: RHB Eddie Dimas
|
0-0: Called Strike 0-1: Foul Ball, location: 2F 0-2: Strikes out looking
|
| Top of the 3rd over - 0 runs, 1 hit, 0 errors, 1 left on base; Windy City 1 - New Jersey 0 |
| BOTTOM OF THE 3RD |
|
New Jersey Devils batting - Pitching for Windy City ThunderBolts : RHP Mark Fedor
|
|
Batting: RHB Dan Mathews
|
0-0: Ground out U3 (Groundball, 3S, EV 95.0 MPH)
|
|
Batting: RHB Jeremy Delka
|
0-0: Ground out 4-3 (Groundball, 4, EV 85.6 MPH)
|
|
Batting: RHB Justin Williams
|
0-0: SINGLE (Groundball, 56D, EV 98.8 MPH)
|
|
Batting: RHB Eric Zylstra
|
0-0: Called Strike 0-1: Fly out, F4 (Popup, 4, EV 68.1 MPH)
|
| Bottom of the 3rd over - 0 runs, 1 hit, 0 errors, 1 left on base; Windy City 1 - New Jersey 0 |
| TOP OF THE 4TH |
|
Windy City ThunderBolts batting - Pitching for New Jersey Devils : RHP Mark Paddock
|
|
Batting: RHB Joe Thomas
|
0-0: Called Strike 0-1: Foul Ball, location: 2F 0-2: Foul Ball, location: 2F 0-2: Strikes out swinging
|
|
Batting: LHB Jose Pereyra
|
0-0: Fly out, F8 (Flyball, 8RM, EV 90.0 MPH)
|
|
Batting: RHB David Cortez
|
0-0: Ball 1-0: Single, Error in OF, E7, batter to second base (Line Drive, 7S, EV 106.9 MPH)
|
|
Batting: RHB Enrique Gomez
|
0-0: SINGLE (Flyball, 8RS, EV 95.6 MPH) David Cortez to third Runner from 3rd tries for Home, SAFE, throw by CF to home
|
|
Batting: SHB Noah Long
|
0-0: Ball 1-0: Swinging Strike 1-1: Called Strike 1-2: Fielders Choice at 2nd, 6-4 (Groundball, 6, EV 81.2 MPH)
|
| Top of the 4th over - 1 run, 2 hits, 1 error, 1 left on base; Windy City 2 - New Jersey 0 |
| BOTTOM OF THE 4TH |
|
New Jersey Devils batting - Pitching for Windy City ThunderBolts : RHP Mark Fedor
|
|
Batting: RHB Sam Callahan
|
0-0: Called Strike 0-1: Ball 1-1: Foul Ball, location: 2F 1-2: Ball 2-2: Ball 3-2: Reached via error on a dropped throw from P, E3 (Groundball, 34S, EV 75.6 MPH)
|
|
Batting: RHB Nate Henderson
|
0-0: Ball Sam Callahan is caught stealing 2nd base 2-4 1-0: Called Strike 1-1: Swinging Strike 1-2: Ball 2-2: Strikes out swinging
|
|
Batting: RHB Bill Crogan
|
0-0: Ball 1-0: Foul Ball, location: 2F 1-1: Swinging Strike 1-2: Fly out, F9 (Line Drive, 9LS, EV 103.1 MPH)
|
| Bottom of the 4th over - 0 runs, 0 hits, 1 error, 0 left on base; Windy City 2 - New Jersey 0 |
| TOP OF THE 5TH |
|
Windy City ThunderBolts batting - Pitching for New Jersey Devils : RHP Mark Paddock
|
|
Batting: SHB Andres Agudo
|
0-0: Called Strike 0-1: Ball 1-1: Foul Ball, location: 2F 1-2: Foul Ball, location: 2F 1-2: Strikes out looking
|
|
Batting: RHB Bill Stern
|
0-0: Called Strike 0-1: Ball 1-1: SOLO HOME RUN (Flyball, 7LD, EV 99.4 MPH), Distance : 352 ft
|
|
Batting: SHB Veit Geisler
|
0-0: Swinging Strike 0-1: Foul Ball, location: 2F 0-2: Foul Ball, location: 2F 0-2: Fly out, F8 (Line Drive, 8LD, EV 87.5 MPH)
|
|
Batting: RHB Eddie Dimas
|
0-0: Called Strike 0-1: Swinging Strike 0-2: Foul Ball, location: 2F 0-2: Foul Ball, location: 2F 0-2: Ball 1-2: Ground out 3-1 (Groundball, 34, EV 110.6 MPH)
|
| Top of the 5th over - 1 run, 1 hit, 0 errors, 0 left on base; Windy City 3 - New Jersey 0 |
| BOTTOM OF THE 5TH |
|
New Jersey Devils batting - Pitching for Windy City ThunderBolts : RHP Mark Fedor
|
|
Batting: RHB Juan Medina
|
0-0: Ball 1-0: Foul Ball, location: 2F 1-1: Ball 2-1: Called Strike 2-2: Ball 3-2: Foul Ball, location: 2F 3-2: Strikes out swinging, 2-3 out at first.
|
|
Batting: LHB Brad Guffin
|
0-0: Ball 1-0: Ball 2-0: SINGLE (Flyball, 3D, EV 93.1 MPH)
|
|
Batting: RHB Dan Mathews
|
0-0: Swinging Strike 0-1: Ball 1-1: Swinging Strike 1-2: Ball 2-2: Foul Ball, location: 2F 2-2: Strikes out looking
|
|
Batting: RHB Jeremy Delka
|
0-0: Foul Ball, location: 2F 0-1: Called Strike 0-2: Ball 1-2: Strikes out swinging
|
| Bottom of the 5th over - 0 runs, 1 hit, 0 errors, 1 left on base; Windy City 3 - New Jersey 0 |
| TOP OF THE 6TH |
|
Windy City ThunderBolts batting - Pitching for New Jersey Devils : RHP Mark Paddock
|
|
Batting: RHB Joe Thomas
|
0-0: Fly out, F7 (Flyball, 7LSF, EV 100.0 MPH)
|
|
Batting: LHB Jose Pereyra
|
0-0: Ball 1-0: Swinging Strike 1-1: SINGLE (Groundball, 15S, EV 65.6 MPH) (infield hit)
|
|
Batting: RHB David Cortez
|
0-0: Ball 1-0: Ball Passed Ball! Jose Pereyra to second 2-0: Ball 3-0: Foul Ball, location: 2F 3-1: Base on Balls
|
|
Batting: RHB Enrique Gomez
|
0-0: Ball 1-0: Ball 2-0: Ball 3-0: Base on Balls Jose Pereyra to third David Cortez to second
|
|
Batting: SHB Noah Long
|
0-0: Ball 1-0: Foul Ball, location: 2F 1-1: Swinging Strike 1-2: Ball 2-2: Foul Ball, location: 2F 2-2: Foul Ball, location: 2F 2-2: Ball 3-2: Base on Balls Jose Pereyra scores David Cortez to third Enrique Gomez to second
|
|
Batting: SHB Andres Agudo
|
0-0: Ball 1-0: Foul Ball, location: 2F 1-1: Ball 2-1: Foul Ball, location: 2F 2-2: Foul Ball, location: 2F 2-2: Ball 3-2: Strikes out swinging
|
|
Batting: RHB Bill Stern
|
0-0: Ball 1-0: Ball 2-0: Ball 3-0: Called Strike 3-1: Foul Ball, location: 2F 3-2: Strikes out swinging
|
| Top of the 6th over - 1 run, 1 hit, 0 errors, 3 left on base; Windy City 4 - New Jersey 0 |
| BOTTOM OF THE 6TH |
|
New Jersey Devils batting - Pitching for Windy City ThunderBolts : RHP Mark Fedor
|
|
Batting: RHB Justin Williams
|
0-0: Ball 1-0: Ball 2-0: Called Strike 2-1: Ball 3-1: Base on Balls
|
|
Batting: RHB Eric Zylstra
|
0-0: Called Strike 0-1: Swinging Strike 0-2: Fly out, F8 (Flyball, 8RM, EV 87.5 MPH)
|
|
Batting: RHB Sam Callahan
|
0-0: Ball 1-0: 2-RUN HOME RUN (Flyball, 89XD, EV 106.9 MPH), Distance : 416 ft
|
|
Batting: RHB Nate Henderson
|
0-0: Called Strike 0-1: Ball 1-1: Ball 2-1: Fly out, F8 (Flyball, 8LD, EV 105.0 MPH)
|
|
Batting: RHB Bill Crogan
|
0-0: Ball 1-0: Foul Ball, location: 2F 1-1: Ball 2-1: SOLO HOME RUN (Flyball, 7D, EV 97.5 MPH), Distance : 367 ft
|
|
Batting: RHB Juan Medina
|
0-0: Ball 1-0: Ball 2-0: Ball 3-0: Ground out 3-1 (Groundball, 34D, EV 78.1 MPH)
|
| Bottom of the 6th over - 3 runs, 2 hits, 0 errors, 0 left on base; Windy City 4 - New Jersey 3 |
| TOP OF THE 7TH |
|
Windy City ThunderBolts batting - Pitching for New Jersey Devils : RHP Mark Paddock
|
|
Pitching: LHP Jesus Espitia
|
|
|
Batting: SHB Veit Geisler
|
0-0: Ball 1-0: Ball 2-0: Ball 3-0: Base on Balls
|
|
Batting: RHB Eddie Dimas
|
0-0: Fly out, F8 (Flyball, 8RM, EV 91.9 MPH)
|
|
Batting: RHB Joe Thomas
|
0-0: Foul Ball, location: 2F 0-1: Swinging Strike 0-2: Foul Ball, location: 2F 0-2: Ball 1-2: SINGLE (Groundball, 56D, EV 96.2 MPH) Veit Geisler to second Runner from 2nd tries for 3rd, SAFE, no throw by LF
|
|
Batting: LHB Jose Pereyra
|
0-0: Fielders Choice at 2nd, 1-6 (Groundball, 13S, EV 66.9 MPH)
|
|
Batting: RHB David Cortez
|
0-0: Called Strike 0-1: Swinging Strike 0-2: Ball 1-2: SINGLE (Flyball, 3D, EV 88.8 MPH) Veit Geisler scores Jose Pereyra to second Runner from 2nd tries for 3rd, SAFE, throw by RF made to third
|
|
Batting: RHB Enrique Gomez
|
0-0: Ball 1-0: Ball 2-0: Ground out U3 (Groundball, 34S, EV 85.0 MPH)
|
| Top of the 7th over - 1 run, 2 hits, 0 errors, 2 left on base; Windy City 5 - New Jersey 3 |
| BOTTOM OF THE 7TH |
|
New Jersey Devils batting - Pitching for Windy City ThunderBolts : RHP Mark Fedor
|
|
Pitching: LHP James Reynolds
|
|
|
Batting: LHB Brad Guffin
|
0-0: Fly out, F9 (Line Drive, 9S, EV 103.8 MPH)
|
|
Batting: RHB Dan Mathews
|
0-0: Ball 1-0: Ground out U3 (Groundball, 3, EV 88.8 MPH)
|
|
Batting: RHB Jeremy Delka
|
0-0: Swinging Strike 0-1: Called Strike 0-2: Ball 1-2: Strikes out swinging
|
| Bottom of the 7th over - 0 runs, 0 hits, 0 errors, 0 left on base; Windy City 5 - New Jersey 3 |
| TOP OF THE 8TH |
|
Windy City ThunderBolts batting - Pitching for New Jersey Devils : LHP Jesus Espitia
|
|
Batting: SHB Noah Long
|
0-0: Ball 1-0: Swinging Strike 1-1: Ball 2-1: Called Strike 2-2: Foul Ball, location: 2F 2-2: Ball 3-2: Base on Balls
|
|
Batting: SHB Andres Agudo
|
0-0: Fly out, F9 (Line Drive, 9S, EV 85.0 MPH)
|
|
Batting: RHB Bill Stern
|
0-0: Swinging Strike 0-1: Ball Passed Ball! Noah Long to second 1-1: Foul Ball, location: 2F 1-2: Ball 2-2: Ball 3-2: Strikes out looking
|
|
Batting: SHB Veit Geisler
|
0-0: Swinging Strike 0-1: Called Strike 0-2: 2-RUN HOME RUN (Flyball, 89XD, EV 103.1 MPH), Distance : 410 ft
|
|
Batting: RHB Eddie Dimas
|
0-0: Ball 1-0: Foul Ball, location: 2F 1-1: Ground out 4-3 (Groundball, 4, EV 88.8 MPH)
|
| Top of the 8th over - 2 runs, 1 hit, 0 errors, 0 left on base; Windy City 7 - New Jersey 3 |
| BOTTOM OF THE 8TH |
|
New Jersey Devils batting - Pitching for Windy City ThunderBolts : LHP James Reynolds
|
|
Batting: RHB Justin Williams
|
0-0: Ball 1-0: Swinging Strike 1-1: Ball 2-1: Ball 3-1: Called Strike 3-2: Strikes out swinging
|
|
Batting: RHB Eric Zylstra
|
0-0: Called Strike 0-1: Swinging Strike 0-2: Foul Ball, location: 2F 0-2: Strikes out swinging
|
|
Batting: RHB Sam Callahan
|
0-0: Ball 1-0: Called Strike 1-1: Swinging Strike 1-2: Ball 2-2: Strikes out looking
|
| Bottom of the 8th over - 0 runs, 0 hits, 0 errors, 0 left on base; Windy City 7 - New Jersey 3 |
| TOP OF THE 9TH |
|
Windy City ThunderBolts batting - Pitching for New Jersey Devils : LHP Jesus Espitia
|
|
Pitching: LHP Antonio Davila
|
|
|
Batting: RHB Joe Thomas
|
0-0: Swinging Strike 0-1: Foul Ball, location: 2F 0-2: Ball 1-2: Strikes out looking
|
|
Batting: LHB Jose Pereyra
|
0-0: Ball 1-0: Called Strike 1-1: Swinging Strike 1-2: Fly out, F9 (Flyball, 9, EV 92.5 MPH)
|
|
Batting: RHB David Cortez
|
0-0: Called Strike 0-1: Ball 1-1: Ball 2-1: Reached on error, E3 (Groundball, 34, EV 93.1 MPH)
|
|
Batting: RHB Enrique Gomez
|
0-0: Called Strike 0-1: Fly out, F9 (Flyball, 9, EV 90.0 MPH)
|
| Top of the 9th over - 0 runs, 0 hits, 1 error, 1 left on base; Windy City 7 - New Jersey 3 |
| BOTTOM OF THE 9TH |
|
New Jersey Devils batting - Pitching for Windy City ThunderBolts : LHP James Reynolds
|
|
Batting: RHB Nate Henderson
|
0-0: Ball 1-0: Swinging Strike 1-1: Foul Ball, location: 2F 1-2: Strikes out swinging
|
|
Batting: RHB Bill Crogan
|
0-0: SINGLE (Flyball, 34D, EV 93.1 MPH)
|
|
Pitching: LHP Humberto Carrera
|
|
|
Batting: RHB Juan Medina
|
0-0: Called Strike 0-1: Ball 1-1: SINGLE (Line Drive, 6D, EV 99.4 MPH) Bill Crogan to second
|
|
Pitching: RHP Nate Myers
|
|
|
Batting: LHB Brad Guffin
|
0-0: Ball 1-0: Ball 2-0: Reached on error, E4 (Groundball, 4, EV 108.1 MPH) Bill Crogan to third Juan Medina to second
|
|
Batting: RHB Dan Mathews
|
0-0: Foul Ball, location: 2F 0-1: Called Strike 0-2: Ball 1-2: Strikes out swinging
|
|
Batting: RHB Jeremy Delka
|
0-0: Ball 1-0: Ball 2-0: Ball 3-0: Called Strike 3-1: Swinging Strike 3-2: Strikes out swinging
|
| Bottom of the 9th over - 0 runs, 2 hits, 1 error, 3 left on base; Windy City 7 - New Jersey 3 |
|